 Dungeon Crawl Stone Soup version 0.23.2 (webtiles) character file.

Game seed: 9868763605524606023

32 Borgoz the Cutter (level 3, 0/22 HPs)
             Began as a Kobold Gladiator on Apr 12, 2019.
             Was an Initiate of Ashenzari.
             Slain by a frilled lizard (1 damage)
             ... on level 2 of the Dungeon.
             The game lasted 00:01:24 (1265 turns).

Borgoz the Cutter (Kobold Gladiator)                Turns: 1265, Time: 00:01:25

Health: 0/22       AC:  4    Str:  9 (12) XL:     3   Next: 45%
Magic:  3/3        EV: 15    Int:  8 (9)  God:    Ashenzari [......]
Gold:   44         SH:  0    Dex: 14 (16) Spells: 2/2 levels left

rFire    . . .     SeeInvis .   a - +0 rapier
rCold    . . .     Gourm    .   (shield restricted)
rNeg     . . .     Faith    .   b - +0 leather armour
rPois    .         Spirit   .   c - +0 helmet
rElec    .         Reflect  .   (no cloak)
rCorr    .         Harm     .   (no gloves)
MR       .....                  (no boots)
Stlth    +.........             (no amulet)
HPRegen  0.07/turn              (no ring)
MPRegen  0.08/turn              (no ring)

@: confused
A: small, carnivore
a: Curse Item, Renounce Religion


You were on level 2 of the Dungeon.
You worshipped Ashenzari.
Ashenzari was noncommittal.
You were full.

You visited 1 branch of the dungeon, and saw 2 of its levels.

You collected 44 gold pieces.

Inventory:

Hand Weapons
 a - a +0 rapier (weapon)
Armour
 b - a +0 leather armour (worn)
 c - a +0 helmet (worn)
Jewellery
 h - an uncursed ring of poison resistance
Scrolls
 e - 2 scrolls of teleportation {unknown}
 i - 6 scrolls of identify {unknown}
 l - a scroll of immolation {unknown}
Potions
 g - a potion of degeneration
 j - a potion of haste {unknown}
 k - a potion of curing
Comestibles
 f - 3 rations


   Skills:
 + Level 2.5 Fighting
 + Level 4.8 Short Blades
 + Level 2.3 Throwing
 + Level 0.3 Armour
 + Level 4.0 Dodging


You had 2 spell levels left.
You didn't know any spells.
Your spell library was empty.

Dungeon Overview and Level Annotations

Branches:
Dungeon (2/15)

Altars:
Ashenzari

Annotations:
D:2 Sigmund


Innate Abilities, Weirdness & Mutations

You are small and have problems with some larger weapons.
You are carnivorous and can eat meat at any time.


Message History

Sigmund barely misses you. The frilled lizard bites you.
Throwing (i - inventory)
d - 2 throwing nets (quivered)
Press: ? - help, Shift-Dir - straight line, f/p - Sigmund
Aim: Sigmund, wielding a +0 scythe and wearing a +0 robe (almost dead)
You throw a throwing net. The throwing net barely misses Sigmund.
Throwing (i - inventory)
d - a throwing net (quivered)
Press: ? - help, Shift-Dir - straight line, f/p - Sigmund
Aim: Sigmund, wielding a +0 scythe and wearing a +0 robe (almost dead)
You throw a throwing net.
The throwing net closely misses Sigmund.
The frilled lizard closely misses you.
Sigmund points at you and mumbles some strange words.
You are confused.
Sigmund casts a spell.
Sigmund flickers and vanishes!
Deactivating autopickup; reactivate with Ctrl-A.
You bump into the rock wall.
The frilled lizard misses you. Something hits you.
* * * LOW HITPOINT WARNING * * *
You bump into the rock wall.
The frilled lizard bites you.
You die...

###+####.
#.......>
#........
+........
#........
#.....$..
##.......#
#.l{.....(
#@##########
#.#........#
#.#.######.#######
#.#.#.............
#.#.#..#.#.#######
#.#.#..#.#.#
#.#.#..#.#.#
#.#.####.#.#
#.#......#.# ####


You could see a frilled lizard.

Vanquished Creatures
  An adder (D:2)
  A worm (D:2)
  3 leopard geckos
  2 hobgoblins (D:1)
  A quokka (D:2)
  A ball python (D:1)
  2 bats (D:1)
  2 frilled lizards (D:1)
  A goblin (D:1)
  4 kobolds (D:1)
  4 rats
22 creatures vanquished.

Notes
Turn   | Place    | Note
-------+----------+-------------------------------------------
     0 | D:1      | Borgoz the Kobold Gladiator began the quest for the Orb.
     0 | D:1      | Reached XP level 1. HP: 12/12 MP: 1/1
    61 | D:1      | Found a shattered altar of Ashenzari.
    93 | D:1      | Became a worshipper of Ashenzari the Shackled
   393 | D:1      | Reached XP level 2. HP: 17/17 MP: 2/2
  1087 | D:2      | Reached XP level 3. HP: 21/22 MP: 3/3
  1246 | D:2      | Noticed Sigmund
  1264 | D:2      | HP: 1/22 [something (6)]
  1265 | D:2      | Slain by a frilled lizard

Skill      XL: |  1  2 |
---------------+-------+-----
Dodging        | 4 |  4.0
Fighting       | |  2.5
Short Blades   | |  4.8
Throwing       | |  2.3
Armour         | |  0.3

Action                   || total
-------------------------++-------
Melee: Rapier            ||    75
Throw: Throwing net      ||     3
  Use: Potion            ||     2
 Stab: Sleeping          ||     1
  Eat: Chunk             ||     7
Armor: Leather armour    ||     8
Dodge: Dodged            ||    59
